 Dungeon Crawl Stone Soup version 0.24-a0-350-g5b3daab8ba (webtiles) character file.

Game seed: 5131125087370656159

1407 tsouns the Ducker (level 8, -1/63 HPs)
             Began as a Spriggan Berserker on May 23, 2019.
             Was a Priest of Trog.
             Slain by an orc warrior
             ... wielding a +0 short sword
              (22 damage)
             ... on level 6 of the Dungeon.
             The game lasted 00:14:46 (6717 turns).

tsouns the Ducker (Spriggan Berserker)              Turns: 6717, Time: 00:14:46

Health: -1/63      AC:  3    Str: 20    XL:     8   Next: 42%
Magic:  9/9        EV: 22    Int:  9    God:    Trog [***...]
Gold:   216        SH:  0    Dex: 15    Spells: 7/7 levels left

rFire    . . .     SeeInvis +   t - +0 dagger (venom)
rCold    . . .     Gourm    .   (shield restricted)
rNeg     . . .     Faith    .   b - +1 animal skin
rPois    .         Spirit   .   (helmet restricted)
rElec    .         Reflect  .   (no cloak)
rCorr    .         Harm     .   (gloves unavailable)
MR       +....                  (boots unavailable)
Stlth    ..........             s - amulet of inaccuracy (curse)
HPRegen  0.20/turn              (no ring)
MPRegen  0.11/turn              (no ring)

@: berserking, very quick
A: very small, unfitting armour, see invisible, herbivore, speed 3, slow
metabolism 2
a: Berserk, Trog's Hand, Renounce Religion


You were on level 6 of the Dungeon.
You worshipped Trog.
Trog was most pleased with you.
You were not hungry.

You visited 1 branch of the dungeon, and saw 6 of its levels.

You collected 264 gold pieces.
You spent 48 gold pieces at shops.

Inventory:

Hand Weapons
 a - a +1 short sword
 r - a +0 dagger of holy wrath
 t - a +0 dagger of venom (weapon)
Missiles
 d - 164 stones
 l - 14 poisoned darts (quivered)
 q - 5 boomerangs
Armour
 b - a +1 animal skin (worn)
Jewellery
 s - a cursed amulet of inaccuracy (around neck)
Scrolls
 f - 3 scrolls of magic mapping
 g - 3 scrolls of blinking
Potions
 e - a potion of ambrosia
 h - 3 potions of heal wounds
 i - a potion of agility
 j - a potion of curing
 k - 2 potions of mutation
 m - 2 potions of lignification
 n - 2 potions of invisibility
 o - a potion of degeneration
 p - 3 potions of might
Comestibles
 c - 4 rations


   Skills:
 + Level 4.3 Fighting
 * Level 7.5 Short Blades
 + Level 3.5 Throwing
 + Level 7.5 Dodging
 + Level 6.5 Stealth


You had 7 spell levels left.
You didn't know any spells.
Your spell library was empty.

Dungeon Overview and Level Annotations

Branches:
Dungeon (6/15)             Temple (0/1) D:4

Altars:
Ashenzari
Elyvilon
Gozag
Trog

Shops:
D:5 ?


Innate Abilities, Weirdness & Mutations

You are very small and have problems with some larger weapons.
You are too small for most types of armour.
You have supernaturally acute eyesight. (SInv)
You are a herbivore.
You cover ground extremely quickly.
You need to consume almost no food.


Message History

c - 4 rations (gained 1)
You see here a silken robe.
The orc warrior is too close now for your liking.
The orc warrior shouts!
The orc warrior throws a boomerang.
The boomerang barely misses you.
The weapon returns to the orc warrior!
The orc warrior barely misses you.
You closely miss the orc warrior.
You hit the orc warrior but do no damage.
The orc warrior hits you with a +0 short sword!
You hit the orc warrior.
The orc warrior is lightly wounded.
You hit the orc warrior but do no damage.
The orc warrior is poisoned.
The orc warrior is lightly wounded.
The orc warrior hits you with a +0 short sword!
A red film seems to cover your vision as you go berserk!
You feel yourself moving faster!
You feel mighty!
You feel a lot more hungry.
The orc warrior hits you with a +0 short sword!!
You die...

##..#
#..................##[....
#..#
##..###..####......##))####
##..###..## ##.. ##........##
<#.......## # ..##.......###
# .....##...#
#...........######
#....###..##
#.................
#.#...###..#
##................
..##..###..##
###o....>.....#####
.###...###..###.@..###....###
# .# ##..###.........#
##....###### )##
##..#...#..##..# ##.........
..## #.....#..###..#
##........ #..###....#...#
#.## #........
##...#...##...# #.# #.....##.
#...........####.# #......##
#...###.....###..##
##..##.... #...#
###.........#####...##....


You could see an orc warrior.

Vanquished Creatures
  A black bear (D:6)
  An ice beast (D:5)
  A phantom (D:4)
  3 ogres
  2 centaurs (D:5)
  A scorpion (D:4)
  A jelly (D:5)
  2 crimson imps (D:6)
  3 orc wizards
  4 orc priests
  A hound (D:5)
  2 worker ants (D:6)
  7 adders
  A shadow imp (D:5)
  5 oozes
  3 adder skeletons (D:4)
  2 worms
  2 dart slugs
  7 leopard geckos
  10 orcs
  10 giant cockroaches
  4 goblins
  14 hobgoblins
  4 jackals
  4 quokkas
  A ball python (D:3)
  7 bats
  9 frilled lizards
  6 kobolds
  A quokka skeleton (D:5)
  5 rats
124 creatures vanquished.

Vanquished Creatures (collateral kills)
  A jelly (D:6)
  2 orc wizards (D:6)
  A shadow imp (D:6)
  2 orcs (D:6)
6 creatures vanquished.

Grand Total: 130 creatures vanquished

Notes
Turn   | Place    | Note
-------+----------+-------------------------------------------
     0 | D:1      | tsouns the Spriggan Berserker began the quest for the Orb.
     0 | D:1      | Reached XP level 1. HP: 11/11 MP: 2/2
   121 | D:1      | Reached skill level 1 in Stealth
   448 | D:1      | Reached XP level 2. HP: 16/16 MP: 3/3
   726 | D:1      | Reached XP level 3. HP: 12/19 MP: 4/4
  1082 | D:2      | Reached skill level 5 in Dodging
  1328 | D:2      | Reached XP level 4. HP: 23/23 MP: 5/5
  1440 | D:2      | Reached ** piety under Trog
  2302 | D:3      | Reached XP level 5. HP: 21/28 MP: 6/6
  3050 | D:4      | Found a staircase to the Ecumenical Temple.
  3051 | D:4      | Noticed an ogre
  3322 | D:4      | Noticed a phantom
  3333 | D:4      | Killed a phantom
  3333 | D:4      | Reached skill level 5 in Short Blades
  3333 | D:4      | Reached skill level 1 in Throwing
  3524 | D:4      | Killed an ogre
  3524 | D:4      | Reached XP level 6. HP: 32/32 MP: 7/7
  4099 | D:5      | Entered Level 5 of the Dungeon
  4099 | D:5      | Found Minianun's Magic Scroll Shop.
  4101 | D:5      | Bought a scroll of identify for 24 gold pieces
  4101 | D:5      | Bought a scroll of identify for 24 gold pieces
  4248 | D:5      | Reached XP level 7. HP: 15/36 MP: 8/8
  4299 | D:5      | Found a shattered altar of Ashenzari.
  4363 | D:5      | Found a bloodstained altar of Trog.
  4391 | D:5      | Reached *** piety under Trog
  4596 | D:5      | Reached skill level 5 in Stealth
  4832 | D:5      | Found an opulent altar of Gozag.
  5267 | D:5      | Found a white marble altar of Elyvilon.
  5389 | D:5      | Reached XP level 8. HP: 42/42 MP: 9/9
  5844 | D:6      | Identified the cursed ring "Piroe" {EV-2 Dex+2}
  6717 | D:6      | Slain by an orc warrior

Levels and vault maps discovered:
D:1:      dpeg_arrival_fog, layout_basic
D:2:      layout_basic
D:3:      minmay_chambers_of_threes, layout_basic, kennysheep_small_spiral,
          kennysheep_generic_room_14
D:4:      layout_basic, temple_fountains
D:5:      layout_basic, grunt_gozag_statues, elyvilon_altar_4,
          evilmike_ruin_ashenzari, lemuel_doored_altar, first_ration,
          serial_shops, shop, minmay_divided_ellipse
D:6:      layout_layer_cave

Skill      XL: |  1  2  3  4  5  6  7  8 |
---------------+-------------------------+-----
Stealth        | 1 2 3 4 5 6 |  6.5
Short Blades   | 4 5 6 7 |  7.5
Dodging        | 5 6 7 |  7.5
Fighting       | 3 4 |  4.3
Throwing       | 1 2 3 |  3.5

Action                   |  1- 3 |  4- 6 |  7- 9 || total
-------------------------+-------+-------+-------++-------
Melee: Short sword       |   113 |   214 |   159 ||   486
       Dagger            |       |       |    15 ||    15
Throw: Stone             |    20 |     2 |       ||    22
       Dart              |       |    33 |    11 ||    44
       Boomerang         |       |     5 |       ||     5
Invok: Berserk           |     5 |     2 |     4 ||    11
       Trog's Hand       |       |       |     1 ||     1
Evoke: Wand              |       |       |     6 ||     6
  Use: Scroll            |     7 |    10 |     5 ||    22
 Stab: Sleeping          |       |    14 |     7 ||    21
       Distracted        |       |       |     2 ||     2
  Eat: Ration            |     1 |     3 |     3 ||     7
Armor: Animal skin       |     8 |    15 |     5 ||    28
Dodge: Dodged            |    94 |   147 |   124 ||   365

Table legend:
 A = Non-vault XP
 B = Vault XP
 C = Vault XP percentage of total XP
 D = Non-vault monster count
 E = Vault monster count
 F = Vault count percentage of total count
                 A         B        C        D         E       F
            +---------+---------+-------+---------+---------+-------
      Total |    1753 |     258 |  12.8 |     111 |      19 |  14.6
            +---------+---------+-------+---------+---------+-------
        D:1 |      50 |       0 |   0.0 |      22 |       0 |   0.0
        D:2 |      97 |       0 |   0.0 |      27 |       0 |   0.0
        D:3 |      11 |      65 |  85.5 |       7 |      12 |  63.2
        D:4 |     502 |       0 |   0.0 |      21 |       0 |   0.0
        D:5 |     616 |     193 |  23.9 |      17 |       7 |  29.2
        D:6 |     477 |       0 |   0.0 |      17 |       0 |   0.0
            +---------+---------+-------+---------+---------+-------
